| TOP OF THE 1ST |
|
Aberdeen Ironbirds batting - Pitching for Jamestown Falcons : LHP Jim Morris
|
|
Pitching: LHP Jim Morris
|
|
|
Batting: RHB Craig Kornfeld
|
0-0: Ball 1-0: Ball 2-0: Swinging Strike 2-1: Fly out, F9 (Flyball, 9LS, EV 84.4 MPH)
|
|
Batting: RHB Arturo Leija
|
0-0: Foul Ball, location: 2F 0-1: Ball 1-1: Called Strike 1-2: Ball 2-2: Foul Ball, location: 2F 2-2: Ball 3-2: Fly out, F7 (Flyball, 7D, EV 96.3 MPH)
|
|
Batting: SHB Nelson Simmons
|
0-0: Fly out, F7 (Flyball, 78S, EV 91.3 MPH)
|
| Top of the 1st over - 0 runs, 0 hits, 0 errors, 0 left on base; Aberdeen 0 - Jamestown 0 |
| BOTTOM OF THE 1ST |
|
Jamestown Falcons batting - Pitching for Aberdeen Ironbirds : RHP Ruben Jimenez
|
|
Pitching: RHP Ruben Jimenez
|
|
|
Batting: RHB Nelson Rood
|
0-0: Called Strike 0-1: Ball 1-1: Foul Ball, location: 2F 1-2: Foul Ball, location: 2F 1-2: Foul Ball, location: 2F 1-2: Ground out 3-1 (Groundball, 34, EV 103.8 MPH)
|
|
Batting: RHB Dave Myers
|
0-0: Ground out 6-3 (Groundball, 6, EV 87.5 MPH)
|
|
Batting: LHB Warren Bachmann
|
0-0: Foul Ball, location: 2F 0-1: Called Strike 0-2: Foul Ball, location: 2F 0-2: Foul Ball, location: 2F 0-2: Ball 1-2: Ball 2-2: Foul Ball, location: 2F 2-2: Reached via error on a dropped throw from 1B, E1 (Groundball, 34, EV 82.5 MPH)
|
|
Batting: LHB Jack Howell
|
0-0: Ball 1-0: Ball 2-0: Foul Ball, location: 2F 2-1: Foul Ball, location: 2F 2-2: Foul Ball, location: 2F 2-2: Strikes out swinging
|
| Bottom of the 1st over - 0 runs, 0 hits, 1 error, 1 left on base; Aberdeen 0 - Jamestown 0 |
| TOP OF THE 2ND |
|
Aberdeen Ironbirds batting - Pitching for Jamestown Falcons : LHP Jim Morris
|
|
Batting: RHB Victor Trujillo
|
0-0: Ball 1-0: Ball 2-0: Ball 3-0: Called Strike 3-1: Foul Ball, location: 2F 3-2: Foul Ball, location: 2F 3-2: Fly out, F9 (Flyball, 89XD, EV 108.1 MPH)
|
|
Batting: RHB Harry Francis
|
0-0: Ball 1-0: Called Strike 1-1: Fly out, F3 (Popup, 34, EV 61.3 MPH)
|
|
Batting: RHB Dan Cataline
|
0-0: Called Strike 0-1: Ground out 4-3 (Groundball, 4MD, EV 83.8 MPH)
|
| Top of the 2nd over - 0 runs, 0 hits, 0 errors, 0 left on base; Aberdeen 0 - Jamestown 0 |
| BOTTOM OF THE 2ND |
|
Jamestown Falcons batting - Pitching for Aberdeen Ironbirds : RHP Ruben Jimenez
|
|
Batting: RHB Glen Stacheit
|
0-0: Ball 1-0: Called Strike 1-1: Ball 2-1: Foul Ball, location: 2F 2-2: Strikes out swinging
|
|
Batting: RHB Ronald Arnold
|
0-0: Swinging Strike 0-1: Ball 1-1: Foul Ball, location: 2F 1-2: Foul Ball, location: 2F 1-2: Ground out 4-3 (Groundball, 4M, EV 96.9 MPH)
|
|
Batting: LHB Darren Riley
|
0-0: Called Strike 0-1: Called Strike 0-2: Foul Ball, location: 2F 0-2: Strikes out swinging, 2-3 out at first.
|
| Bottom of the 2nd over - 0 runs, 0 hits, 0 errors, 0 left on base; Aberdeen 0 - Jamestown 0 |
| TOP OF THE 3RD |
|
Aberdeen Ironbirds batting - Pitching for Jamestown Falcons : LHP Jim Morris
|
|
Batting: RHB Mark Bonner
|
0-0: Foul Ball, location: 2F 0-1: Foul Ball, location: 2F 0-2: Ball 1-2: Ground out 5-3 (Groundball, 56, EV 90.6 MPH)
|
|
Batting: SHB Kurt Stillwell
|
0-0: Called Strike 0-1: SINGLE (Groundball, 6MD, EV 95.6 MPH)
|
|
Batting: RHB Ric Wilson
|
0-0: Ball 1-0: Called Strike 1-1: Ball 2-1: Ball 3-1: Called Strike 3-2: Foul Ball, location: 2F 3-2: Fly out, F9 (Flyball, 9, EV 85.6 MPH)
|
|
Batting: RHB Craig Kornfeld
|
0-0: Called Strike 0-1: Ball Kurt Stillwell is caught stealing 2nd base 2-4
|
| Top of the 3rd over - 0 runs, 1 hit, 0 errors, 0 left on base; Aberdeen 0 - Jamestown 0 |
| BOTTOM OF THE 3RD |
|
Jamestown Falcons batting - Pitching for Aberdeen Ironbirds : RHP Ruben Jimenez
|
|
Batting: RHB Herman Cunningham
|
0-0: SINGLE (Line Drive, 6M, EV 95.6 MPH)
|
|
Batting: RHB Joe Oliver
|
0-0: Ball 1-0: Foul Ball, location: 2F 1-1: Swinging Strike 1-2: Strikes out looking
|
|
Batting: RHB Nelson Rood
|
0-0: Called Strike Herman Cunningham steals 2nd base 0-1: Foul Ball, location: 2F 0-2: Foul Ball, location: 2F 0-2: Strikes out looking
|
|
Batting: RHB Dave Myers
|
0-0: Ball 1-0: Ball 2-0: Ball 3-0: Called Strike 3-1: Called Strike 3-2: Foul Ball, location: 2F 3-2: Foul Ball, location: 2F 3-2: Fly out, F6 (Flyball, 56D, EV 88.1 MPH)
|
| Bottom of the 3rd over - 0 runs, 1 hit, 0 errors, 1 left on base; Aberdeen 0 - Jamestown 0 |
| TOP OF THE 4TH |
|
Aberdeen Ironbirds batting - Pitching for Jamestown Falcons : LHP Jim Morris
|
|
Batting: RHB Craig Kornfeld
|
0-0: Called Strike 0-1: Ball 1-1: Ball 2-1: Fly out, F8 (Line Drive, 8RD, EV 100.0 MPH)
|
|
Batting: RHB Arturo Leija
|
0-0: Foul Ball, location: 2F 0-1: Foul Ball, location: 2F 0-2: Ground out 6-3 (Groundball, 6M, EV 83.8 MPH)
|
|
Batting: SHB Nelson Simmons
|
0-0: Ball 1-0: Ball 2-0: Ball 3-0: Called Strike 3-1: Base on Balls
|
|
Batting: RHB Victor Trujillo
|
0-0: Called Strike 0-1: Called Strike 0-2: Strikes out swinging
|
| Top of the 4th over - 0 runs, 0 hits, 0 errors, 1 left on base; Aberdeen 0 - Jamestown 0 |
| BOTTOM OF THE 4TH |
|
Jamestown Falcons batting - Pitching for Aberdeen Ironbirds : RHP Ruben Jimenez
|
|
Batting: LHB Warren Bachmann
|
0-0: Called Strike 0-1: Called Strike 0-2: Ball 1-2: Ball 2-2: Strikes out looking
|
|
Batting: LHB Jack Howell
|
0-0: Ball 1-0: Ball 2-0: TRIPLE (Flyball, 89XD, EV 108.8 MPH)
|
|
Batting: RHB Glen Stacheit
|
0-0: Ball 1-0: Foul Ball, location: 2F 1-1: Ball 2-1: Foul Ball, location: 2F 2-2: Ball 3-2: DOUBLE (Flyball, 8LXD, EV 96.9 MPH) Jack Howell scores
|
|
Batting: RHB Ronald Arnold
|
0-0: Ball 1-0: Fly out, F6 (Line Drive, 6, EV 74.4 MPH)
|
|
Batting: LHB Darren Riley
|
0-0: Ball 1-0: Ball 2-0: Ball 3-0: Base on Balls
|
|
Batting: RHB Herman Cunningham
|
0-0: Foul Ball, location: 2F 0-1: Ball 1-1: 3-RUN HOME RUN (Flyball, 7LD, EV 91.3 MPH), Distance : 372 ft
|
|
Batting: RHB Joe Oliver
|
0-0: Ground out 5-3 (Groundball, 56S, EV 86.3 MPH)
|
| Bottom of the 4th over - 4 runs, 3 hits, 0 errors, 0 left on base; Aberdeen 0 - Jamestown 4 |
| TOP OF THE 5TH |
|
Aberdeen Ironbirds batting - Pitching for Jamestown Falcons : LHP Jim Morris
|
|
Batting: RHB Harry Francis
|
0-0: Ball 1-0: Ball 2-0: Called Strike 2-1: Foul Ball, location: 2F 2-2: Fly out, F4 (Line Drive, 4, EV 61.9 MPH)
|
|
Batting: RHB Dan Cataline
|
0-0: Called Strike 0-1: Called Strike 0-2: SINGLE (Line Drive, 3D, EV 97.5 MPH)
|
|
Batting: RHB Mark Bonner
|
0-0: Ball Dan Cataline is caught stealing 2nd base 2-4 1-0: Ball 2-0: Called Strike 2-1: Ball 3-1: Called Strike 3-2: Strikes out swinging
|
| Top of the 5th over - 0 runs, 1 hit, 0 errors, 0 left on base; Aberdeen 0 - Jamestown 4 |
| BOTTOM OF THE 5TH |
|
Jamestown Falcons batting - Pitching for Aberdeen Ironbirds : RHP Ruben Jimenez
|
|
Batting: RHB Nelson Rood
|
0-0: Called Strike 0-1: Swinging Strike 0-2: Fly out, F7 (Flyball, 78M, EV 95.0 MPH)
|
|
Batting: RHB Dave Myers
|
0-0: Called Strike 0-1: Foul Ball, location: 2F 0-2: Ball 1-2: Ball 2-2: Ground out 6-3 (Groundball, 56, EV 76.9 MPH)
|
|
Batting: LHB Warren Bachmann
|
0-0: Ground out U3 (Groundball, 3, EV 102.5 MPH)
|
| Bottom of the 5th over - 0 runs, 0 hits, 0 errors, 0 left on base; Aberdeen 0 - Jamestown 4 |
| TOP OF THE 6TH |
|
Aberdeen Ironbirds batting - Pitching for Jamestown Falcons : LHP Jim Morris
|
|
Batting: SHB Kurt Stillwell
|
0-0: Foul Ball, location: 2F 0-1: Called Strike 0-2: Strikes out swinging
|
|
Batting: RHB Ric Wilson
|
0-0: Foul Ball, location: 2F 0-1: Ball 1-1: Ball 2-1: Ball 3-1: Fly out, F4 (Flyball, 4D, EV 90.0 MPH)
|
|
Batting: RHB Craig Kornfeld
|
0-0: Ball 1-0: Called Strike 1-1: Ball 2-1: Ball 3-1: Fly out, F8 (Flyball, 8RS, EV 91.9 MPH)
|
| Top of the 6th over - 0 runs, 0 hits, 0 errors, 0 left on base; Aberdeen 0 - Jamestown 4 |
| BOTTOM OF THE 6TH |
|
Jamestown Falcons batting - Pitching for Aberdeen Ironbirds : RHP Ruben Jimenez
|
|
Batting: LHB Jack Howell
|
0-0: Ball 1-0: SINGLE (Groundball, 23, EV 66.3 MPH) (infield hit)
|
|
Batting: RHB Glen Stacheit
|
0-0: Ball Jack Howell steals 2nd base 1-0: Ball 2-0: Ball 3-0: Called Strike 3-1: Ground out 5-3 (Groundball, 56, EV 100.6 MPH)
|
|
Batting: RHB Ronald Arnold
|
0-0: Called Strike 0-1: Ball 1-1: Ball Jack Howell steals 3rd base 2-1: Swinging Strike 2-2: Foul Ball, location: 2F 2-2: DOUBLE (Groundball, 5L, EV 101.3 MPH) Jack Howell scores
|
|
Batting: LHB Darren Riley
|
0-0: Ball 1-0: DOUBLE (Line Drive, 9LS, EV 102.5 MPH) Ronald Arnold scores
|
|
Pitching: RHP Jack Smith
|
|
|
Batting: RHB Herman Cunningham
|
0-0: Ball 1-0: Ball 2-0: Ground out 6-3 (Groundball, 6, EV 82.5 MPH)
|
|
Batting: RHB Joe Oliver
|
0-0: Ball 1-0: Swinging Strike 1-1: Ball 2-1: Foul Ball, location: 2F 2-2: Foul Ball, location: 2F 2-2: Ball 3-2: Fly out, F3 (Popup, 23F, EV 83.1 MPH)
|
| Bottom of the 6th over - 2 runs, 3 hits, 0 errors, 1 left on base; Aberdeen 0 - Jamestown 6 |
| TOP OF THE 7TH |
|
Aberdeen Ironbirds batting - Pitching for Jamestown Falcons : LHP Jim Morris
|
|
Pitching: RHP Francisco Oliveras
|
|
|
Batting: RHB Arturo Leija
|
0-0: Called Strike 0-1: Ball 1-1: Ball 2-1: SOLO HOME RUN (Flyball, 7LD, EV 91.9 MPH), Distance : 351 ft
|
|
Batting: SHB Nelson Simmons
|
0-0: SINGLE (Groundball, 34D, EV 98.1 MPH)
|
|
Batting: RHB Victor Trujillo
|
0-0: Ball 1-0: Ball 2-0: Called Strike 2-1: Foul Ball, location: 2F 2-2: Strikes out swinging
|
|
Batting: RHB Harry Francis
|
0-0: Ball 1-0: Swinging Strike 1-1: Ball 2-1: Foul Ball, location: 2F 2-2: Foul Ball, location: 2F 2-2: Strikes out swinging
|
|
Batting: RHB Dan Cataline
|
0-0: Ball 1-0: Swinging Strike 1-1: Foul Ball, location: 2F 1-2: Foul Ball, location: 2F 1-2: Ball 2-2: SINGLE (Groundball, 4MD, EV 101.3 MPH) (infield hit) Nelson Simmons to second
|
|
Batting: RHB Mark Bonner
|
0-0: Called Strike 0-1: SINGLE (Flyball, 9S, EV 88.8 MPH) Nelson Simmons to third Dan Cataline to second Runner from 3rd tries for Home, SAFE, throw by RF to home
|
|
Batting: SHB Kurt Stillwell
|
0-0: Ball 1-0: Fly out, F8 (Line Drive, 8RD, EV 92.5 MPH)
|
| Top of the 7th over - 2 runs, 4 hits, 0 errors, 2 left on base; Aberdeen 2 - Jamestown 6 |
| BOTTOM OF THE 7TH |
|
Jamestown Falcons batting - Pitching for Aberdeen Ironbirds : RHP Jack Smith
|
|
Batting: RHB Nelson Rood
|
0-0: Swinging Strike 0-1: Ball 1-1: Ball 2-1: Foul Ball, location: 2F 2-2: SINGLE (Groundball, 3S, EV 76.3 MPH) (infield hit)
|
|
Batting: RHB Dave Myers
|
0-0: Sac Bunt to 13S - play at first, batter OUT! 1-3 Nelson Rood to second
|
|
Batting: LHB Warren Bachmann
|
0-0: Foul Ball, location: 2F 0-1: Ball Nelson Rood is caught stealing 3rd base 2-5 1-1: Ground out 1-3 (Groundball, 15S, EV 65.0 MPH)
|
| Bottom of the 7th over - 0 runs, 1 hit, 0 errors, 0 left on base; Aberdeen 2 - Jamestown 6 |
| TOP OF THE 8TH |
|
Aberdeen Ironbirds batting - Pitching for Jamestown Falcons : RHP Francisco Oliveras
|
|
Batting: RHB Ric Wilson
|
0-0: Called Strike 0-1: Ball 1-1: Ball 2-1: Ball 3-1: Ground out 5-3 (Groundball, 56, EV 87.5 MPH)
|
|
Batting: RHB Craig Kornfeld
|
0-0: Foul Ball, location: 2F 0-1: Swinging Strike 0-2: Ground out 6-3 (Groundball, 6, EV 86.3 MPH)
|
|
Batting: RHB Arturo Leija
|
0-0: Ball 1-0: Ball 2-0: Called Strike 2-1: Foul Ball, location: 2F 2-2: Strikes out swinging
|
| Top of the 8th over - 0 runs, 0 hits, 0 errors, 0 left on base; Aberdeen 2 - Jamestown 6 |
| BOTTOM OF THE 8TH |
|
Jamestown Falcons batting - Pitching for Aberdeen Ironbirds : RHP Jack Smith
|
|
Batting: LHB Jack Howell
|
0-0: Ball 1-0: Ball 2-0: Ball 3-0: Called Strike 3-1: SOLO HOME RUN (Flyball, 9D, EV 93.1 MPH), Distance : 378 ft
|
|
Batting: RHB Glen Stacheit
|
0-0: Called Strike 0-1: Ball 1-1: Called Strike 1-2: Strikes out looking
|
|
Batting: RHB Ronald Arnold
|
0-0: Swinging Strike 0-1: Foul Ball, location: 2F 0-2: Foul Ball, location: 2F 0-2: Ball 1-2: Ball 2-2: Strikes out swinging
|
|
Batting: LHB Darren Riley
|
0-0: Fly out, F7 (Line Drive, 7, EV 98.1 MPH)
|
| Bottom of the 8th over - 1 run, 1 hit, 0 errors, 0 left on base; Aberdeen 2 - Jamestown 7 |
| TOP OF THE 9TH |
|
Aberdeen Ironbirds batting - Pitching for Jamestown Falcons : RHP Francisco Oliveras
|
|
Batting: SHB Nelson Simmons
|
0-0: Called Strike 0-1: Foul Ball, location: 2F 0-2: Fly out, F9 (Line Drive, 9, EV 96.9 MPH)
|
|
Batting: RHB Victor Trujillo
|
0-0: Called Strike 0-1: Ball 1-1: Ball 2-1: Called Strike 2-2: Ball 3-2: DOUBLE (Groundball, 5L, EV 103.8 MPH)
|
|
Batting: RHB Harry Francis
|
0-0: Called Strike 0-1: Ground out 6-3 (Groundball, 6MD, EV 107.5 MPH) Victor Trujillo to third
|
|
Batting: RHB Dan Cataline
|
0-0: Ball 1-0: Swinging Strike 1-1: Called Strike 1-2: Fly out, F9 (Flyball, 9S, EV 96.3 MPH)
|
| Top of the 9th over - 0 runs, 1 hit, 0 errors, 1 left on base; Aberdeen 2 - Jamestown 7 |
|